 Dungeon Crawl Stone Soup version 0.24-a0-179-g7a2c91a (console) character file.

Game seed: 18412884992209243836

16707 Duffy the Thaumaturge (level 12, -1/68 HPs)
             Began as a Deep Elf Fire Elementalist on Mar 13, 2019.
             Was an Elder of Sif Muna.
             Slain by a raiju (9 damage)
             ... summoned by an orange crystal statue
             ... in a Gauntlet.
             The game lasted 00:19:43 (18673 turns).

Duffy the Thaumaturge (Deep Elf Fire Elementalist) Turns: 18673, Time: 00:19:44

Health: -1/68      AC:  9    Str:  5    XL:     12   Next: 12%
Magic:  16/41      EV: 15    Int: 29    God:    Sif Muna [****..]
Gold:   657        SH:  0    Dex: 15    Spells: 12/39 levels left

rFire    . . .     SeeInvis .   K - +0 blowgun
rCold    + . .     Gourm    .   (no shield)
rNeg     . . .     Faith    .   p - +1 leather armour {rC+}
rPois    .         Spirit   .   (no helmet)
rElec    .         Reflect  .   q - +0 cloak
rCorr    .         Harm     .   C - +0 pair of gloves
MR       +....     NoTele   +   k - +2 pair of boots
Stlth    ++........             (no amulet)
HPRegen  0.21/turn              G - ring of magical power
MPRegen  0.27/turn              P - +3 ring of intelligence

@: divine energy
A: no striking features
a: Stop Divine Energy, Channel Magic, Forget Spell, Renounce Religion


You were in a Gauntlet.
You worshipped Sif Muna.
Sif Muna was greatly pleased with you.
You were not hungry.

You visited 3 branches of the dungeon, and saw 15 of its levels.
You also visited: Gauntlet.

You collected 765 gold pieces.
You spent 108 gold pieces at shops.

Inventory:

Hand Weapons
 K - a +0 blowgun (weapon)
 L - a +0 short sword of distortion
Missiles
 D - 2 throwing nets
 I - 8 curare-tipped needles (quivered)
Armour
 k - a +2 pair of boots (worn)
 p - a +1 leather armour of cold resistance (worn)
 q - a +0 cloak (worn)
 t - a +1 leather armour of magic resistance
 C - a +0 pair of gloves (worn)
 O - a +2 shield
Jewellery
 G - a ring of magical power (left hand)
 H - a +2 ring of intelligence
 J - an uncursed ring of stealth
 P - a +3 ring of intelligence (right hand)
Wands
 j - a wand of random effects (39)
 s - a wand of enslavement (4)
 N - a wand of flame (18)
Scrolls
 b - 2 scrolls of fear
 e - 3 scrolls of enchant weapon
 f - 3 scrolls of blinking
 i - 3 scrolls of enchant armour
 l - 5 scrolls of magic mapping
 n - 8 scrolls of remove curse
 o - 6 scrolls of immolation
 u - 5 scrolls of amnesia {unknown}
 y - 2 scrolls of noise {unknown}
 A - 8 scrolls of teleportation
 E - a scroll of vulnerability {unknown}
 F - a scroll of fog {unknown}
Potions
 a - 2 potions of agility {unknown}
 d - 5 potions of brilliance
 g - 4 potions of heal wounds
 h - 2 potions of might {unknown}
 m - 2 potions of ambrosia {unknown}
 r - 4 potions of curing
 v - 3 potions of cancellation
 w - 2 potions of invisibility {unknown}
 x - 2 potions of flight {unknown}
 z - 2 potions of haste {unknown}
 B - 2 potions of lignification {unknown}
 M - a potion of mutation
Miscellaneous
 R - a lightning rod (4/4)
Comestibles
 c - 16 rations


   Skills:
 - Level 5.0 Fighting
 - Level 7.0 Dodging
 - Level 2.4 Stealth
 + Level 14.1 Spellcasting
 - Level 11.0 Conjurations
 - Level 11.0 Fire Magic
 + Level 4.0 Earth Magic


You had 12 spell levels left.
You knew the following spells:

 Your Spells              Type           Power        Failure   Level  Hunger
h - Iskenderun's Mystic   Conj           ######..     1%          4    None
i - Throw Flame           Conj/Fire      ######       1%          2    None
j - Sticky Flame          Conj/Fire      ######..     1%          4    None
k - Fireball              Conj/Fire      ######....   1%          5    None
l - Conjure Flame         Conj/Fire      ######..     1%          3    None
o - Regeneration          Chrm/Necr      ###.......   12%         3    None
u - Bolt of Magma         Conj/Fire/Erth ######....   3%          5    None
y - Flame Tongue          Conj/Fire      #####        1%          1    None

Your spell library contained the following spells:

 Spells                   Type           Power        Failure   Level  Hunger
 Magic Dart               Conj           ####         1%          1    None
 Searing Ray              Conj           ######       1%          2    None
 Dazzling Spray           Conj/Hex       ######       1%          3    None
 Inner Flame              Hex/Fire       ######..     1%          3    None
 Animate Skeleton         Necr           N/A          4%          1    None
 Confusing Touch          Hex            ###...       4%          1    None
 Infusion                 Chrm           ###.         4%          1    None
 Pain                     Necr           ###.         4%          1    None
 Summon Small Mammal      Summ           ###.         4%          1    None
 Force Lance              Conj/Tloc      ######..     4%          4    None
 Fulminant Prism          Conj/Hex       ######....   4%          4    None
 Call Imp                 Summ           ###.....     6%          2    None
 Shroud of Golubria       Chrm/Tloc      ###.......   6%          2    None
 Song of Slaying          Chrm           ###.....     6%          2    None
 Call Canine Familiar     Summ           ###.....     12%         3    None
 Confuse                  Hex            ###.....     12%         3    None
 Gell's Gravitas          Tloc           ###.......   12%         3    None
 Portal Projectile        Hex/Tloc       ###...       12%         3    None
 Spectral Weapon          Hex/Chrm       ###.....     12%         3    None
 Summon Guardian Golem    Hex/Summ       ###.....     12%         3    None
 Vampiric Draining        Necr           ###.......   12%         3    None
 Leda's Liquefaction      Hex/Erth       ####......   19%         4    None
 Petrify                  Tmut/Erth      ####....     19%         4    None
 Iron Shot                Conj/Erth      ######....   28%         6    ####...
 Animate Dead             Necr           N/A          38%         4    None
 Summon Ice Beast         Ice/Summ       ###.....     38%         4    None
 Summon Lightning Spire   Summ/Air       ###.....     38%         4    None
 Metabolic Englaciation   Hex/Ice        ###.......   75%         5    None
 Yara's Violent Unravell  Hex/Tmut       ###.......   75%         5    None
 Statue Form              Tmut/Erth      ####.....    95%         6    ####...
 Dispersal                Tloc           ###.......   99%         6    ####...
 Controlled Blink         Tloc           N/A          100%        8    #######
 Disjunction              Tloc           ###.......   100%        8    #######
 Shatter                  Erth           #####.....   100%        9    #######


Dungeon Overview and Level Annotations

Branches:
Dungeon (10/15)            Temple (1/1) D:5            Lair (4/6) D:9
  Swamp (0/4) Lair:3          Orc (0/2) D:9
  Snake: Lair:2-4    Spider: Lair:2-4

Altars:
Ashenzari
Cheibriados
Dithmenos
Elyvilon
Fedhas
Gozag
Hepliaklqana
Kikubaaqudgha
Makhleb
Nemelex Xobeh
Okawaru
Qazlal
Ru
Sif Muna
Trog
Uskayaw
Vehumet
Wu Jian
Xom
Yredelemnul
Zin
The Shining One

Shops:
D:5 !

Annotations:
D:8 2 transporters, Ijustatesigmund's ghost, novice DDBe
Lair:3 2 transporters, Duffy's ghost, journeyman DrTm Gauntlet 8 transporters, 3 runed translucent doors, exclusions: ice statue and orange crystal statue


Message History

The raiju blinks! x2
Cast which spell? (? or * to list)
Aiming: Sticky Flame (safe; 1% risk of failure)
Press: ? - help, Shift-Dir - straight line, f - raiju
Aim: a raiju (summoned)
The sticky flame hits the raiju!
The raiju is lightly wounded.
The raiju is covered in liquid flames!
The raiju burns!
The raiju bursts into living lightning!
The living lightning hits you! The living lightning misses you.
The raiju blinks! x2
Cast which spell? (? or * to list)
Aiming: Bolt of Magma (safe; 3% risk of failure)
Press: ? - help, Shift-Dir - straight line, f/p - raiju
Aim: a raiju (moderately wounded, covered in liquid flames, summoned)
The bolt of magma hits the raiju!!
The raiju is almost dead.
The raiju burns!
The death ooze misses you. The death ooze closely misses you.
The raiju barely misses you. The raiju bites you. The raiju shocks you!
You die...

#~~~#~~~#~~~#~~~#..7P....
#~................P...\.
##..7...7P..7..P7.......
##~......................
#~~.#########.#########.#
##~.#.[.^=(8#.#.=#^#ZZ#.#
##.#.##....#.#.#.#.#.#.#
##~.#.#J##..#.#.#.#.#.#.#
#~~.#.#@h#..#.#..#^#..#.#
##~.#.##h.#.#.#.#.#.#.#.#
##.#..####.#.#Z#Z#.#.#.#
##~.#.......#.#Zk#.#..#.
#~~.###################.
##~....#^....^....^#....
##..7.#############...7
#~.PP...#...^...#...P.P
#~~..P.7.#..#....#..P#~#~


You could see an orange crystal statue, a death ooze and 2 raiju.

Vanquished Creatures
  Erica (D:9)
  A tengu warrior (Gauntlet)
  Urug (Lair:1)
  Sonja (Lair:1)
  An unseen horror (D:10)
  A cyclops (D:9)
  Joseph (D:7)
  5 spiny frogs
  A torpor snail (Gauntlet)
  A rime drake (Lair:3)
  4 komodo dragons
  A tengu conjurer (Gauntlet)
  6 blink frogs
  5 hippogriffs
  A vampire (D:10)
  A wyvern (D:9)
  A basilisk (Lair:3)
  2 hungry ghosts (D:7)
  Duvessa (D:4)
  7 porcupines
  6 water moccasins
  2 orc warriors (D:6)
  A black bear (D:7)
  3 ice beasts
  2 sky beasts
  A necrophage (D:8)
  5 ogres
  3 phantoms
  6 wolves (Gauntlet)
  7 centaurs
  5 crocodiles
  Blork the orc (D:6)
  4 big kobolds
  3 bullfrogs
  Dowan (D:4)
  2 scorpions
  9 wights (D:6)
  8 howler monkeys
  2 bullfrog zombies
  A jelly (D:8)
  A quasit (D:6)
  3 hounds
  4 orc priests
  10 orc wizards
  A bullfrog skeleton (D:5)
  Ijyb (D:4)
  3 iguanas
  9 worker ants
  4 hound skeletons
  2 howler monkey zombies
  A howler monkey skeleton (D:4)
  11 gnolls
  11 adders
  A shadow imp (D:7)
  2 white imps
  4 oozes
  2 adder skeletons
  2 adder zombies (D:5)
  2 worms
  A dart slug (D:1)
  4 leopard geckos
  24 orcs
  2 ball pythons
  11 giant cockroaches
  8 goblins
  5 hobgoblins
  7 jackals
  4 quokkas
  4 bats
  2 frilled lizards (D:2)
  A jackal skeleton (D:4)
  28 kobolds
  11 rats
  6 fungi
307 creatures vanquished.

Vanquished Creatures (others)
  6 plants (D:8)
6 creatures vanquished.

Grand Total: 313 creatures vanquished

Notes
Turn   | Place    | Note
-------+----------+-------------------------------------------
     0 | D:1      | Duffy the Deep Elf Fire Elementalist began the quest for
                  | the Orb.
     0 | D:1      | Reached XP level 1. HP: 10/10 MP: 6/6
   315 | D:1      | Reached XP level 2. HP: 15/15 MP: 5/8
   989 | D:1      | Reached XP level 3. HP: 19/19 MP: 7/9
  1666 | D:2      | Learned a level 3 spell: Conjure Flame
  2188 | D:2      | Reached XP level 4. HP: 24/24 MP: 9/11
  2259 | D:2      | Learned a level 4 spell: Sticky Flame
  3397 | D:3      | Reached skill level 4 in Spellcasting
  3888 | D:4      | Noticed Duvessa
  3888 | D:4      | Noticed Dowan
  4086 | D:4      | Killed Duvessa
  4086 | D:4      | Reached XP level 5. HP: 26/28 MP: 8/14
  4106 | D:4      | Learned a level 5 spell: Fireball
  4204 | D:4      | Killed Dowan
  4204 | D:4      | Reached skill level 5 in Spellcasting
  4204 | D:4      | Reached XP level 6. HP: 32/32 MP: 9/15
  4270 | D:4      | Reached skill level 5 in Fire Magic
  4279 | D:4      | Reached skill level 5 in Conjurations
  4744 | D:4      | Reached skill level 6 in Spellcasting
  4744 | D:4      | Reached XP level 7. HP: 36/36 MP: 9/18
  5372 | D:4      | Noticed Ijyb
  5377 | D:4      | Killed Ijyb
  5637 | D:5      | Entered Level 5 of the Dungeon
  5812 | D:5      | Reached skill level 1 in Fighting
  5899 | D:5      | Found a staircase to the Ecumenical Temple.
  5908 | Temple   | Entered the Ecumenical Temple
  5984 | Temple   | Became a worshipper of Sif Muna the Loreminder
  6097 | D:5      | Found Umpoesyk's Distillery.
  6102 | D:5      | Bought a potion of heal wounds for 60 gold pieces
  6102 | D:5      | Bought a potion of curing for 36 gold pieces
  6102 | D:5      | Bought a potion of degeneration for 12 gold pieces
  6387 | D:5      | Reached XP level 8. HP: 36/43 MP: 12/20
  6917 | D:6      | Reached skill level 5 in Dodging
  7284 | D:6      | Noticed Blork the orc
  7289 | D:6      | Killed Blork the orc
  7667 | D:6      | Reached XP level 9. HP: 51/52 MP: 9/21
  7893 | D:6      | Reached skill level 5 in Fighting
  8082 | D:6      | Reached skill level 7 in Spellcasting
  8293 | D:6      | Reached * piety under Sif Muna
  8708 | D:7      | Learned a level 2 spell: Throw Flame
  8979 | D:7      | Noticed Joseph
  9011 | D:7      | Killed Joseph
  9011 | D:7      | Reached skill level 8 in Spellcasting
  9339 | D:7      | Found a sacrificial altar of Ru.
  9625 | D:7      | Reached ** piety under Sif Muna
 10511 | D:8      | Reached skill level 9 in Spellcasting
 10554 | D:8      | Identified the amulet "Atedot" {RegenMP rC+}
 10556 | D:8      | Noticed Ijustatesigmund's ghost (novice DDBe)
 10571 | D:8      | Found a transporter.
 10571 | D:8      | Found a transporter.
 10626 | D:8      | Reached XP level 10. HP: 59/59 MP: 14/25
 10674 | D:8      | Learned a level 5 spell: Bolt of Magma
 10836 | D:8      | Found an opulent altar of Gozag.
 11357 | D:8      | Found a burning altar of Makhleb.
 11357 | D:8      | Noticed a blizzard demon
 11664 | D:8      | Noticed an orange demon
 12083 | D:9      | Noticed a cyclops
 12100 | D:9      | Noticed Erica
 12108 | D:9      | Reached *** piety under Sif Muna
 12110 | D:9      | Killed Erica
 12110 | D:9      | Reached skill level 10 in Spellcasting
 12283 | D:9      | Found a staircase to the Orcish Mines.
 12479 | D:9      | Killed a cyclops
 12560 | D:9      | Found a staircase to the Lair.
 12643 | D:10     | Entered Level 10 of the Dungeon
 13360 | D:10     | Noticed an unseen horror
 13365 | D:10     | Killed an unseen horror
 13365 | D:10     | Reached **** piety under Sif Muna
 13365 | D:10     | Reached skill level 11 in Spellcasting
 13901 | Lair:1   | Entered Level 1 of the Lair of Beasts
 13902 | Lair:1   | Noticed Urug
 13909 | Lair:1   | Killed Urug
 13909 | Lair:1   | Reached XP level 11. HP: 42/63 MP: 13/28
 13955 | Lair:1   | Reached skill level 10 in Fire Magic
 13967 | D:9      | Reached skill level 10 in Conjurations
 14236 | Lair:1   | Noticed Sonja
 14238 | Lair:1   | Killed Sonja
 14383 | Lair:1   | Reached skill level 12 in Spellcasting
 15598 | Lair:2   | Reached ***** piety under Sif Muna
 15598 | Lair:2   | Received a gift from Sif Muna
 15607 | Lair:2   | Learned a level 4 spell: Iskenderun's Mystic Blast
 16049 | Lair:2   | Learned a level 3 spell: Regeneration
 16064 | Lair:2   | Reached skill level 13 in Spellcasting
 16324 | Lair:2   | Found a glowing golden altar of the Shining One.
 16871 | Lair:3   | Reached skill level 1 in Earth Magic
 16995 | Lair:3   | Found a transporter.
 16995 | Lair:3   | Found a transporter.
 16995 | Lair:3   | Noticed Duffy's ghost (journeyman DrTm)
 17469 | Lair:3   | Found a staircase to the Swamp.
 17902 | Lair:4   | Found a gate leading to a gauntlet.
 17919 | Gauntlet | Entered a Gauntlet
 17919 | Gauntlet | Found a transporter.
 17919 | Gauntlet | Noticed a tengu warrior
 18067 | Gauntlet | Found a transporter.
 18069 | Gauntlet | Found a transporter.
 18088 | Gauntlet | Found a transporter.
 18089 | Gauntlet | Found a transporter.
 18097 | Gauntlet | Found a transporter.
 18106 | Gauntlet | Noticed an orange crystal statue
 18112 | Gauntlet | Noticed a death drake
 18113 | Gauntlet | Found a transporter.
 18123 | Gauntlet | Found a transporter.
 18128 | Gauntlet | Noticed a wretched star
 18130 | Gauntlet | Noticed a hell hog
 18132 | Gauntlet | Found a runed translucent gate.
 18133 | Gauntlet | Found a transporter.
 18133 | Gauntlet | Found a runed translucent gate.
 18134 | Gauntlet | Found a runed translucent gate.
 18147 | Gauntlet | Found a transporter.
 18156 | Gauntlet | Found a transporter.
 18158 | Gauntlet | Found a transporter.
 18194 | Gauntlet | Killed a tengu warrior
 18194 | Gauntlet | Reached XP level 12. HP: 51/68 MP: 15/31
 18194 | Gauntlet | Reached skill level 14 in Spellcasting
 18325 | Gauntlet | Found a transporter.
 18669 | Gauntlet | Noticed a death ooze
 18673 | Gauntlet | Slain by a raiju

Levels and vault maps discovered:
D:1:      dpeg_arrival_rooms_a, layout_basic
D:2:      layout_loops_corners, minmay_distorted
D:3:      layout_loops_ring
D:4:      layout_basic, uniq_duvessa, uniq_ijyb
D:5:      wander_river, layout_loops_ring, minmay_temple_entry_gardened_gates,
          first_ration, serial_shops, nicolae_shop_crystal
D:6:      layout_loops_cross, serial_glass, glass_columns_a, glass_columns_a,
          uniq_blork_the_orc
D:7:      layout_layer_cave, basic_altar, grunt_ogre_cave,
          corexii_leaking_fountain, uniq_joseph
D:8:      layout_rooms, grunt_gozag_breadcrumbs, gammafunk_ghost_gnarly_gnolls,
          serial_bayou_lagoon_a, makhleb_altar_promises_db
D:9:      layout_rooms, dpeg_oklobed_lair, uniq_erica
D:10:     layout_roguey
Temple:   grunt_wide_crystal_templ
Lair:1:   layout_hall_layers, uniq_sonja, uniq_urug
Lair:2:   layout_regular_city, lemuel_centaur_altar
Lair:3:   layout_layer_cave, swamp_mist_pool, gammafunk_ghost_hive,
          grunt_megastairs_5
Lair:4:   layout_hall_layers, spider_nest_entry_web_field,
          gauntlet_entry_generic, grunt_megastairs_4
Gauntlet: minmay_gauntlet_77_tree [minmay_gauntlet_arena_77_block_sizes,
          minmay_gauntlet_arena_77_chump_sandwich,
          minmay_gauntlet_arena_77_double_cross,
          minmay_gauntlet_arena_77_run_for_it,
          minmay_gauntlet_arena_77_two_lines, minmay_gauntlet_arena_77_braids,
          minmay_gauntlet_arena_77_hold_the_fort, gauntlet_exit_green]

Skill      XL: |  1  2  3  4  5  6  7  8  9 10 11 12 |
---------------+-------------------------------------+-----
Conjurations   | 2 3 4 5 6 7 9 11 | 11.0
Fire Magic     | 4 5 6 7 9 11 | 11.0
Spellcasting   | 4 5 6 9 11 13 14 | 14.1
Dodging        | 3 7 |  7.0
Fighting       | 1 4 5 |  5.0
Earth Magic    | 3 4 |  4.0
Stealth        | |  2.4

Action                   |  1- 3 |  4- 6 |  7- 9 | 10-12 || total
-------------------------+-------+-------+-------+-------++-------
 Cast: Flame Tongue      |    76 |   100 |   225 |       ||   401
       Sticky Flame      |       |     5 |    21 |    26 ||    52
       Conjure Flame     |       |     1 |     9 |     2 ||    12
       Throw Flame       |       |       |    68 |   213 ||   281
       Fireball          |       |       |       |    28 ||    28
       Iskenderun's Myst |       |       |       |    47 ||    47
       Bolt of Magma     |       |       |       |     9 ||     9
Invok: Divine Energy     |       |       |     1 |       ||     1
Evoke: Wand              |       |       |    10 |       ||    10
  Use: Scroll            |       |       |       |    10 ||    10
  Eat: Chunk             |     4 |     8 |    19 |    18 ||    49
       Ration            |       |       |       |     4 ||     4
Armor: Robe              |     3 |     2 |       |       ||     5
       Leather armour    |       |     5 |    32 |    25 ||    62
Dodge: Dodged            |    13 |    22 |    66 |    99 ||   200

Table legend:
 A = Non-vault XP
 B = Vault XP
 C = Vault XP percentage of total XP
 D = Non-vault monster count
 E = Vault monster count
 F = Vault count percentage of total count
                 A         B        C        D         E       F
            +---------+---------+-------+---------+---------+-------
      Total |   17099 |    6769 |  28.4 |     275 |      26 |   8.6
            +---------+---------+-------+---------+---------+-------
        D:1 |      51 |       0 |   0.0 |      28 |       0 |   0.0
        D:2 |      56 |       3 |   5.1 |      20 |       2 |   9.1
        D:3 |      54 |       0 |   0.0 |      13 |       0 |   0.0
        D:4 |     744 |     261 |  26.0 |      33 |       3 |   8.3
        D:5 |     477 |       0 |   0.0 |      21 |       0 |   0.0
        D:6 |    1616 |      99 |   5.8 |      31 |       1 |   3.1
        D:7 |    1356 |     602 |  30.7 |      39 |       2 |   4.9
        D:8 |    1456 |       0 |   0.0 |      16 |       0 |   0.0
        D:9 |    1487 |     944 |  38.8 |      14 |       1 |   6.7
       D:10 |    1801 |       0 |   0.0 |      25 |       0 |   0.0
     Lair:1 |    2881 |    1641 |  36.3 |      13 |       2 |  13.3
     Lair:2 |    3950 |     452 |  10.3 |      16 |       4 |  20.0
     Lair:3 |     302 |     484 |  61.6 |       2 |       2 |  50.0
     Lair:4 |     868 |       0 |   0.0 |       4 |       0 |   0.0
   Gauntlet |       0 |    2283 | 100.0 |       0 |       9 | 100.0
            +---------+---------+-------+---------+---------+-------
